AoeStats
← Carrillo

Arabia

509911489Analyzed
2v2 RM · 2d ago on Sep 28, 2026· 45m 16s· 4 players
Game mode
Random Map
Map size
Medium (4 player)
Population
200
Speed
Normal
Resources
Standard
Victory
Conquest
Starting age
Dark Age
Ending age
Imperial Age
RankedLock teamsTeams togetherTeam positionsShared explorationLock speedFull tech treeHidden civsTurbo modeCheats
Victory
Defeat
🇫🇷 Malians · France
959
+14
🇨🇴 Mongols · Colombia
929
+16
🇪🇸 Italians · Spain
929
-15
🇨🇭 Ethiopians · Switzerland
914
-15
Carrillo
6:55 Loom
13:14 Feudal Age
16:47 Town Watch
22:43 Wheelbarrow
35:23 Horse Collar
35:36 Double-Bit Axe
35:44 Stone Mining
35:45 Gold Mining
roman.huber8888
10:42 Feudal Age
13:31 Fletching
16:05 Gold Mining
24:17 Castle Age
24:19 Stone Mining
24:55 Bodkin Arrow
24:34 Elite Skirmisher
25:16 Padded Archer Armor
25:17 Double-Bit Axe
26:43 Leather Archer Armor
35:40 Ballistics
37:51 Loom
44:22 Imperial Age
Ccosmic
10:00 Feudal Age
10:37 Man-at-Arms
14:03 Arson
16:33 Loom
20:29 Castle Age
18:34 Scale Mail Armor
19:19 Fletching
20:01 Forging
20:27 Double-Bit Axe
21:53 Squires
23:10 Long Swordsman
24:24 Elite Skirmisher
30:29 Chain Mail Armor
30:50 Iron Casting
32:56 Horse Collar
38:17 Imperial Age
37:01 Bodkin Arrow
36:28 Crossbowman
37:52 Wheelbarrow
38:02 Wheelbarrow
37:15 Town Watch
38:35 Arbalester
39:38 Heavy Plow
40:31 Bow Saw
40:10 Two-Handed Swordsman
41:53 Ballistics
43:02 Plate Mail Armor
42:54 Padded Archer Armor
masanchezt
9:47 Feudal Age
15:00 Castle Age
21:55 Double-Bit Axe
25:46 Bow Saw
27:04 Ballistics
27:59 Scale Mail Armor
27:57 Fletching
28:59 Padded Archer Armor
34:06 Horse Collar
36:10 Leather Archer Armor
35:51 Bodkin Arrow
36:53 Heavy Plow
41:14 Imperial Age
42:34 Bracer
43:37 Chemistry
42:00 Elite Mangudai
44:14 Scale Barding Armor
Connection lost

Rejoining the realm…

Still unreachable

The connection could not be restored.

Session expired

The server has moved on; the page needs a fresh start.